 Dungeon Crawl Stone Soup version 0.21.1-1-g345015fe64 (webtiles) character file.

2795 Norrik the Carver (level 9, -1/85 HPs)
             Began as a Minotaur Fighter on Mar 17, 2018.
             Was a Follower of Okawaru.
             Slain by an orc warrior
             ... wielding a +0 long sword
              (9 damage)
             ... on level 7 of the Dungeon.
             The game lasted 00:32:11 (8282 turns).

Norrik the Carver (Minotaur Fighter)                Turns: 8282, Time: 00:32:11

Health: -1/85      AC:  9    Str: 20    XL:     9   Next: 43%
Magic:  8/8        EV:  9    Int:  8    God:    Okawaru [*.....]
Gold:   349        SH:  0    Dex: 10    Spells: 8/8 levels left

rFire    . . .     SeeInvis .   s - +4 falchion "Fefurra" {venom, +Blink rElec MR+++ Str-4}
rCold    . . .     Gourm    .   (no shield)
rNeg     . . .     Faith    .   b - +0 scale mail
rPois    .         Spirit   .   (helmet restricted)
rElec    +         Reflect  .   (no cloak)
rCorr    +         Harm     .   K - +0 pair of gloves
MR       +++..                  (no boots)
Stlth    ..........             (no amulet)
HPRegen  0.24/turn              t - +3 ring of strength
MPRegen  0.11/turn              G - ring of resist corrosion

@: no status effects
A: retaliatory headbutt, horns 2
a: Heroism, Renounce Religion, Evoke Blink


You were on level 7 of the Dungeon.
You worshipped Okawaru.
Okawaru was aware of your devotion.
You were hungry.

You visited 2 branches of the dungeon, and saw 9 of its levels.

You collected 349 gold pieces.

Inventory:

Hand Weapons
 s - the +4 falchion "Fefurra" (weapon) {venom, +Blink rElec MR+++ Str-4}
   (You found it on level 7 of the Dungeon)

   It poisons the flesh of those it strikes.
   It affects your strength (-4).
   It insulates you from electricity.
   It affects your resistance to hostile enchantments.
   It lets you blink.
 D - a +0 shortbow
Missiles
 l - 104 arrows
 n - 289 stones (quivered)
 x - 3 tomahawks
 L - a throwing net
Armour
 b - a +0 scale mail (worn)
 c - a +0 shield
 K - a +0 pair of gloves (worn)
Jewellery
 a - an uncursed ring of ice {unknown}
 t - a +3 ring of strength (left hand)
 z - an uncursed ring of flight
 F - an uncursed ring of poison resistance
 G - a ring of resist corrosion (right hand)
 H - an uncursed ring of fire {unknown}
 J - a +5 ring of protection {unknown}
Wands
 v - a wand of scattershot (7)
 I - a wand of flame (35)
Scrolls
 e - a scroll of identify
 g - a scroll of enchant armour {unknown}
 h - a scroll of amnesia {unknown}
 i - 4 scrolls of teleportation
 m - 4 scrolls of remove curse
 p - a scroll of magic mapping {unknown}
 u - a scroll of noise {unknown}
 w - a scroll of random uselessness {unknown}
 y - a scroll of enchant weapon {unknown}
Potions
 d - 2 potions of agility {unknown}
 j - 3 potions of mutation
 k - 6 potions of curing
 q - a potion of magic {unknown}
 A - a potion of lignification {unknown}
 B - a potion of ambrosia {unknown}
 C - 2 potions of haste {unknown}
 E - a potion of flight {unknown}
Comestibles
 f - 9 rations


   Skills:
 - Level 10.1 Fighting
 + Level 10.5 Long Blades
   Level 2.4 Polearms
 - Level 7.1 Armour
 - Level 3.6 Shields


You had 8 spell levels left.
You didn't know any spells.

Dungeon Overview and Level Annotations

Branches:
Dungeon (8/15)             Temple (1/1) D:5
   Lair: D:8-11

Altars:
Ashenzari
Cheibriados
Dithmenos
Elyvilon
Fedhas
Gozag
Hepliaklqana
Kikubaaqudgha
Makhleb
Nemelex Xobeh
Okawaru
Qazlal
Ru
Sif Muna
Trog
Uskayaw
Vehumet
Wu Jian
Xom
Yredelemnul
Zin
The Shining One

Shops:
D:7 :


Innate Abilities, Weirdness & Mutations

You reflexively headbutt those who attack you in melee.
You have a pair of horns on your head.


Message History

You closely miss the orc warrior.
The orc warrior is heavily wounded.
The orc warrior hits you with a long sword!
* * * LOW HITPOINT WARNING * * *
You barely miss the orc warrior. You headbutt the orc warrior.
The orc warrior is severely wounded.
The orc warrior throws a stone.
The stone misses you.
You see here a stone.
The orc warrior throws a stone.
The stone closely misses you.
You feel like a meek peon again.
The orc warrior looks more healthy.
The orc warrior throws a stone.
The stone hits you.
* * * LOW HITPOINT WARNING * * *
You see here a stone.
You see here 3 stones.
You are feeling hungry.
You closely miss the orc warrior.
The orc warrior is severely wounded.
The orc warrior hits you with a long sword!
You die...

#.........##.#
#########.##.# #
######.##.###### #
#..........(...#
####..........(##.#
.....).........##.#
.##..###..###†o##.#
.##..# #..###)>##o#
.##..# #....<...@.#
.##..# #.####..##.#
.##.>###.####..##.#
.##............##.#
.##.####.####.###.#
.##.# #.###...##.#
....# #..........#
.##.# #.###...####
.##.####.# ##.##


You could see an orc warrior.

Vanquished Creatures
  The ghost of HooM the Cleaver, a novice MiFi of Jiyva (D:5)
  A hippogriff (D:8)
  A yak (D:8)
  2 porcupines (D:8)
  2 sky beasts
  An ogre (D:7)
  A centaur (D:5)
  3 bullfrogs
  2 scorpions (D:4)
  2 howler monkeys
  5 crimson imps
  A centaur zombie (D:7)
  5 hounds
  11 orc wizards
  An orc priest (D:5)
  Jessica (D:3)
  Natasha (twice) (D:2)
  4 worker ants
  A killer bee zombie (D:5)
  A gnoll (D:4)
  10 adders
  2 shadow imps
  2 oozes
  An adder skeleton (D:4)
  2 dart slugs
  4 leopard geckos
  29 orcs
  7 bats
  5 giant cockroaches
  5 goblins
  2 hobgoblins
  4 kobolds
  4 quokkas
  A ball python (D:3)
  6 frilled lizards
  A leopard gecko skeleton (D:5)
  5 rats
138 creatures vanquished.

Vanquished Creatures (others)
  2 fungi (D:8)
  2 plants (D:8)
4 creatures vanquished.

Grand Total: 142 creatures vanquished

Notes
Turn   | Place    | Note
-------+----------+-------------------------------------------
     0 | D:1      | Norrik the Minotaur Fighter began the quest for the Orb.
     0 | D:1      | Reached XP level 1. HP: 19/19 MP: 0/0
   248 | D:1      | Reached XP level 2. HP: 11/28 MP: 1/1
   906 | D:2      | Noticed Natasha
   919 | D:2      | Killed Natasha
   919 | D:2      | Reached skill level 5 in Fighting
   919 | D:2      | Reached XP level 3. HP: 29/36 MP: 2/2
  1627 | D:2      | Reached XP level 4. HP: 44/44 MP: 3/3
  1773 | D:2      | Noticed Natasha
  1777 | D:2      | Killed Natasha
  2462 | D:3      | Reached XP level 5. HP: 24/52 MP: 4/4
  2848 | D:3      | Noticed Jessica
  2858 | D:3      | Killed Jessica
  3086 | D:3      | Found a faded altar of an unknown god.
  3420 | D:4      | Reached XP level 6. HP: 52/61 MP: 5/5
  4149 | D:4      | Reached XP level 7. HP: 69/70 MP: 6/6
  4328 | D:5      | Entered Level 5 of the Dungeon
  4390 | D:5      | Reached skill level 10 in Fighting
  4521 | D:5      | Reached skill level 5 in Armour
  4916 | D:5      | You fall through a shaft for 2 floors!
  4931 | D:7      | Found a stormy altar of Qazlal.
  4963 | D:7      | Got an iridescent falchion
  4980 | D:7      | Reached XP level 8. HP: 72/79 MP: 7/7
  5220 | D:5      | Noticed HooM's ghost (novice MiFi)
  5224 | D:4      | Identified the +4 falchion "Fefurra" {venom, +Blink rElec MR+++ Str-4} (You found it on level 7 of the Dungeon)
  5598 | D:5      | Reached skill level 1 in Long Blades
  5869 | D:5      | Killed HooM's ghost
  6207 | D:5      | Found a staircase to the Ecumenical Temple.
  6213 | Temple   | Entered the Ecumenical Temple
  6467 | Temple   | Became a worshipper of Warmaster Okawaru
  7104 | D:7      | Got a pitted whip
  7105 | D:7      | Identified the cursed +2 whip "Gaklukej" {slash, +Blink rElec rF- rN++} (You found it on level 7 of the Dungeon)
  7380 | D:7      | Reached XP level 9. HP: 85/85 MP: 8/8
  7726 | D:7      | Found Daxzeath's Book Emporium.
  7962 | D:8      | Reached * piety under Okawaru
  7962 | D:8      | Reached skill level 10 in Long Blades
  8282 | D:7      | Slain by an orc warrior

Skill      XL: |  1  2  3  4  5  6  7  8  9 |
---------------+----------------------------+-----
Fighting       | 4 5 7 8 9 10 | 10.1
Armour         | 6 7 |  7.1
Long Blades    | 8 10 | 10.5
Polearms       | |  2.4
Shields        | |  3.6

Action                   |  1- 3 |  4- 6 |  7- 9 || total
-------------------------+-------+-------+-------++-------
Melee: Trident           |    67 |     6 |       ||    73
       Headbutt          |     8 |    20 |    47 ||    75
       Whip              |       |   101 |   133 ||   234
       Falchion          |       |       |   107 ||   107
       Punch             |       |       |     1 ||     1
Throw: Stone             |     3 |     7 |     1 ||    11
Invok: Heroism           |       |       |     1 ||     1
  Use: Scroll            |       |     2 |     4 ||     6
       Potion            |       |       |     3 ||     3
  Eat: Chunk             |     2 |     8 |     6 ||    16
       Ration            |       |       |     2 ||     2
Armor: Scale mail        |    44 |    40 |   111 ||   195
Dodge: Dodged            |    35 |    67 |   112 ||   214
       Rpst.: Falchion   |       |       |    10 ||    10
